details: 'gold denied, halled, and perched'

« prev index next »

General information

Mini Map

Players

team 1
Human7.12 (teal | 65 APM | 2983 actions | 45:49)
Hero icon 6 Archmage
Ability icon 1 Blizzard
Ability icon 3 Brilliance Aura
Ability icon 1 Summon Water Elemental
Ability icon 1 Mass Teleport
Hero icon 5 Blood Mage
Ability icon 3 Flame Strike
Ability icon 2 Banish
Hero icon 4 Dark Ranger
Ability icon 2 Silence
Ability icon 2 Life Drain

» actions
Assign group hotkey62
Basic commands195
Build / train126
ESC pressed2
Enter build submenu58
Enter hero's abilities submenu15
Give item / drop item8
Right click1131
Select / deselect638
Select group hotkey448
Use ability300
2983 total
» units
Peasant19
Goblin Shredder3
Mortar Team3
Sorceress4
Dragonhawk Rider12
Knight1
Flying Machine7
Goblin Zeppelin1
50 total
» upgrades
Masonry1
Sorceress Training2
Magic Sentry1
Flare1
Gunpowder1
Animal War Training1
Flak Cannons1
Cloud1
Armor3
Swords3
Plating1
Flying Machine Bombs1
17 total
» buildings
Altar of Kings1
Farm12
Arcane Vault3
Lumber Mill1
Scout Tower53
Arcane Tower3
Guard Tower14
Town Hall3
Blacksmith1
Keep1
Arcane Sanctum1
Workshop2
Castle1
Gryphon Aviary3
Barracks1
100 total
» build order
00:05 Altar of Kings
00:25 Farm
00:26 Farm
01:02 Arcane Vault
01:15 Arcane Vault
01:21 Lumber Mill
01:58 Scout Tower
02:18 Farm
03:08 Arcane Tower
03:17 Scout Tower
03:18 Scout Tower
03:19 Scout Tower
03:35 Farm
04:11 Guard Tower
04:26 Guard Tower
04:34 Scout Tower
04:36 Scout Tower
04:38 Scout Tower
05:08 Guard Tower
05:08 Guard Tower
06:38 Town Hall
06:41 Scout Tower
06:42 Scout Tower
06:44 Scout Tower
06:45 Scout Tower
06:47 Scout Tower
06:48 Scout Tower
06:49 Arcane Vault
07:04 Blacksmith
07:31 Guard Tower
07:32 Arcane Tower
08:13 Keep
09:43 Scout Tower
09:44 Scout Tower
10:28 Guard Tower
10:33 Scout Tower
10:34 Scout Tower
10:41 Arcane Sanctum
10:45 Workshop
10:47 Workshop
11:04 Guard Tower
11:30 Guard Tower
12:36 Farm
12:38 Farm
13:08 Farm
13:43 Castle
13:59 Farm
15:24 Gryphon Aviary
15:27 Gryphon Aviary
15:28 Gryphon Aviary
16:24 Farm
16:24 Farm
16:24 Farm
16:36 Barracks
18:27 Farm
23:49 Town Hall
25:09 Scout Tower
25:09 Scout Tower
25:10 Scout Tower
25:10 Scout Tower
25:12 Scout Tower
25:12 Scout Tower
25:39 Guard Tower
27:23 Arcane Tower
27:25 Scout Tower
27:26 Scout Tower
27:26 Scout Tower
27:59 Guard Tower
28:49 Scout Tower
28:50 Scout Tower
29:33 Guard Tower
34:34 Scout Tower
34:35 Scout Tower
34:36 Scout Tower
34:38 Scout Tower
34:39 Scout Tower
34:40 Scout Tower
34:40 Scout Tower
34:42 Scout Tower
34:43 Scout Tower
34:44 Scout Tower
34:45 Scout Tower
34:45 Scout Tower
34:46 Scout Tower
35:18 Guard Tower
35:21 Scout Tower
35:23 Scout Tower
35:23 Scout Tower
35:24 Scout Tower
35:25 Scout Tower
35:26 Scout Tower
35:29 Scout Tower
35:30 Scout Tower
35:31 Scout Tower
35:32 Scout Tower
35:32 Scout Tower
35:33 Scout Tower
36:56 Guard Tower
39:34 Town Hall
44:03 Guard Tower
» items
Scroll of Regeneration7
Lesser Clarity Potion4
Mechanical Critter2
Scroll of Town Portal2
Potion of Healing3
Potion of Mana1
Staff of Sanctuary2
Orb of Fire1
22 total
team 2
NightElfCPAP (blue | 110 APM | 5022 actions | 45:48)
Hero icon 7 Demon Hunter
Ability icon 3 Mana Burn
Ability icon 3 Evasion
Ability icon 1 Metamorphosis
Hero icon 5 Priestess of the Moon
Ability icon 3 Trueshot Aura
Ability icon 2 Searing Arrows
Hero icon 1 Naga Sea Witch
Ability icon 1 Frost Arrows

» actions
Assign group hotkey45
Basic commands367
Build / train110
ESC pressed5
Enter build submenu26
Enter hero's abilities submenu13
Give item / drop item10
Remove unit from queue1
Right click1746
Select / deselect699
Select group hotkey1879
Use ability121
5022 total
» units
Wisp21
Huntress4
Archer27
Hippogryph8
Goblin Shredder1
Chimaera7
Forest Troll Shadow Priest1
Goblin Zeppelin1
70 total
» upgrades
Improved Bows1
Hippogryph Taming1
Reinforced Hides1
Strength of the Moon3
Marksmanship1
Corrosive Breath1
Moon Armor1
Ultravision1
10 total
» buildings
Altar of Elders1
Moon Well8
Ancient of War1
Hunter's Hall1
Ancient Protector7
Tree of Ages3
Ancient of Wind1
Tree of Eternity2
Tree of Life2
Chimaera Roost2
Ancient of Wonders1
29 total
» build order
00:12 Altar of Elders
00:19 Moon Well
00:49 Ancient of War
01:57 Hunter's Hall
02:11 Moon Well
02:26 Moon Well
04:18 Ancient Protector
04:32 Tree of Ages
05:28 Moon Well
06:28 Moon Well
06:59 Ancient of Wind
09:26 Tree of Eternity
09:49 Moon Well
11:32 Tree of Life
13:00 Chimaera Roost
14:23 Chimaera Roost
16:12 Moon Well
17:20 Moon Well
17:45 Tree of Ages
17:59 Ancient Protector
18:00 Ancient Protector
18:04 Ancient Protector
18:07 Ancient Protector
18:18 Tree of Life
19:38 Ancient Protector
24:13 Ancient of Wonders
24:49 Ancient Protector
25:17 Tree of Ages
27:40 Tree of Eternity
» items
Boots of Speed2
Scroll of Town Portal1
Potion of Healing4
Orb of Venom1
8 total